 Dungeon Crawl Stone Soup version 0.29.0-4-gdea44cf6ec (webtiles) character file.

Game seed: 2506522613919693948

340 qw the Chopper (level 6, -10/35 HPs)
             Began as a Tengu Warper on Aug 28, 2022.
             Mangled by an orc
             ... wielding a +1 whip of distortion
              (13 damage)
             ... on level 4 of the Dungeon.
             The game lasted 00:00:26 (4687 turns).

qw the Chopper (Tengu Warper)                       Turns: 4687, Time: 00:00:26

Health: -10/35     AC: 14    Str: 14    XL:     6   Next: 56%
Magic:  10/10      EV:  8    Int: 13    God:
Gold:   162        SH:  0    Dex: 15    Spells: 9/9 levels left

rFire   . . .      SeeInvis .   Y - +1 hand axe
rCold   . . .      Faith    .   (no shield)
rNeg    . . .      Spirit   .   g - +0 chain mail
rPois   .          Reflect  .   (helmet restricted)
rElec   .          Harm     .   (no cloak)
rCorr   .          Rampage  .   (no gloves)
Will    .....                   (boots unavailable)
Stlth   ..........              (no amulet)
HPRegen 0.11/turn               f - +4 ring of protection
MPRegen 0.12/turn               (no ring)

@: about to teleport, flying quickly and evasively, quick
A: beak, talons 3, nimble flight, iridescent scales 1, thin skeletal structure 1
a: no special abilities


You were on level 4 of the Dungeon.
You visited 1 branch of the dungeon, and saw 4 of its levels.

You collected 162 gold pieces.


Innate Abilities, Weirdness & Mutations

You have a beak for a mouth.
You have claws for feet.
Your magical nature lets you fly swiftly and evasively.
You are partially covered in iridescent scales. (AC +2)
You have a somewhat thin skeletal structure. (Dex +2, Stealth+)


   Skills:
 + Level 2.1 Fighting
 - Level 7.0 Axes
 - Level 1.0 Throwing
 - Level 2.4 Armour
 - Level 2.1 Dodging
 - Level 2.0 Spellcasting
 - Level 2.4 Translocations


You had 9 spell levels left.
You didn't know any spells.
Your spell library contained the following spells:

 Spells                   Type           Power      Damage    Failure   Level
 Blink                    Tloc           14%        N/A       98%         2
 Gell's Gravitas          Tloc           7%         N/A       100%        3
 Lesser Beckoning         Tloc           7%         N/A       100%        3
 Teleport Other           Tloc           7%         N/A       100%        3
 Manifold Assault         Tloc           7%         N/A       100%        5

Inventory:

Hand Weapons
 a - a +1 mace of holy wrath
 Y - a +1 hand axe (weapon)
Armour
 g - a +0 chain mail (worn)
Jewellery
 f - a +4 ring of protection (left hand)
Scrolls
 c - a scroll of identify
 d - a scroll of teleportation
Potions
 b - 2 potions of curing
 e - a potion of brilliance {unknown}
 h - a potion of resistance {unknown}
 i - a potion of mutation
 j - a potion of lignification {unknown}

Dungeon Overview and Level Annotations

Branches:
Dungeon (4/15)             Temple (0/1) D:4

Altars:
Xom

Shops:
D:1 :   D:4 (

Annotations:
D:2 1 runed translucent door, Crazy Yiuf


Message History

Sorry, I don't know how to get there.
A quokka comes into view.
Enter note: You barely miss the quokka.
Your kick misses the quokka. The quokka closely misses you.
You barely miss the quokka. The quokka barely misses you.
You hit the quokka. You claw the quokka.
You kill the quokka!
A hobgoblin comes into view.
The hobgoblin shouts!
You slash the hobgoblin!
You kill the hobgoblin!
You now have 162 gold pieces (gained 7).
There is a stone staircase leading down here.
There is an open door here.
An orc comes into view. It is wielding a +0 war axe.
The orc shouts!
You hear a shout!
You hit the orc. You claw the orc. You peck the orc.
You kill the orc!
An orc comes into view. It is wielding a +1 whip of distortion.
Things that are here:
a +0 war axe; a scroll of identify You barely miss the orc.
Your peck misses the orc. The orc completely misses you.
You hit the orc but do no damage. Your kick misses the orc.
You peck the orc, but do no damage.
The orc hits you with a +1 whip of distortion.
You hit the orc. Your peck misses the orc.
The orc is heavily wounded.
The orc hits you but does no damage. Space warps around you!
You hit the orc. You claw the orc, but do no damage. Your peck misses the orc.
The orc is severely wounded.
The orc hits you but does no damage. Space warps horribly around you!!
Ouch! That really hurt!
4687 ||| READING 2 scrolls of teleportation.
As you read the scroll of teleportation, it crumbles to dust.
You feel strangely unstable. The orc hits you but does no damage.
Space warps horribly around you!
You die...

#.##.####............# #
#.##. ..##.#)..............#
#.#.. ..##.....#.###.......#
##.#.. #.###....#...........#
##..... ..#
#....#..####'#'#.######...##.
..# ##...#..#
#.#.#.#......#.##. #.#
#...#..####.#.#...######.##.
..# ##.....#....o...### #.##.
..#
####..#.#.@###.########.###
#.# #..#....# #.............
..# ##.#.##.# ##########.###
..# #.#.##.# #.# #.####
#..>##.# #.# ..#..# ######.#
#.# ..#..# #.# #.# #.#..# #.#
#.# ..#..# #.# #.###


You could see an orc.

Vanquished Creatures
  A necrophage (D:4)
  An orc priest (D:4)
  Terence (D:2)
  An orc wizard (D:3)
  Robin (D:2)
  8 adders
  2 worms (D:3)
  A dart slug (D:4)
  8 orcs
  9 endoplasms
  4 giant cockroaches
  9 hobgoblins
  6 jackals (D:3)
  7 kobolds
  5 quokkas
  5 ball pythons
  6 bats
  3 frilled lizards
  17 goblins
  2 rats
97 creatures vanquished.

Vanquished Creatures (others)
  2 plants (D:4)
2 creatures vanquished.

Grand Total: 99 creatures vanquished

Notes
Turn   | Place    | Note
-------+----------+-------------------------------------------
     0 | D:1      | qw the Tengu Warper began the quest for the Orb.
     0 | D:1      | Reached XP level 1. HP: 12/12 MP: 4/4
     0 | D:1      | 0 ||| qw: Version: 0.1-a-89-g26bdef1
     0 | D:1      | 0 ||| qw: Game counter: 3325
     0 | D:1      | 0 ||| qw: Always use a shield: true
     0 | D:1      | 0 ||| qw: God list: Okawaru
     0 | D:1      | 0 ||| qw: Allow faded altars: false
     0 | D:1      | 0 ||| qw: Do Orc after D:15 true
     0 | D:1      | 0 ||| qw: Do second Lair branch before Depths: true
     0 | D:1      | 0 ||| qw: Lair rune preference: random
     0 | D:1      | 0 ||| qw: Plans: Normal
     0 | D:1      | 0 ||| PLANNING D:1-11
    14 | D:1      | 14 ||| Stepping ~*~*~tactically~*~*~ (water).
   393 | D:1      | Reached skill level 3 in Axes
   393 | D:1      | Reached XP level 2. HP: 17/17 MP: 6/6
   546 | D:1      | Found Corphiebb's Book Boutique.
  1029 | D:1      | 1029 ||| UPGRADING to +0 chain mail.
  1039 | D:1      | 1039 ||| DROPPING +0 leather armour.
  1040 | D:1      | 1040 ||| UPGRADING to +4 ring of protection.
  1041 | D:1      | 1041 ||| READING scroll labelled TALIRUEDGHO.
  1042 | D:1      | 1042 ||| DROPPING scroll of blinking.
  1095 | D:2      | Noticed Terence
  1103 | D:2      | Killed Terence
  1104 | D:2      | Reached skill level 4 in Axes
  1104 | D:2      | Reached XP level 3. HP: 14/21 MP: 7/7
  1200 | D:2      | 1200 ||| DROPPING +0 mace.
  1212 | D:2      | Reached XP level 4. HP: 26/26 MP: 8/8
  1827 | D:2      | Reached skill level 5 in Axes
  1844 | D:2      | Found a runed translucent door.
  1845 | D:2      | Noticed Crazy Yiuf
  2064 | D:2      | 2064 ||| Stepping ~*~*~tactically~*~*~ (stealth).
  2067 | D:2      | 2067 ||| READING 3 scrolls labelled TEC TALLIYTOGE.
  2068 | D:2      | 2068 ||| READING scroll labelled IWNYXK BAPILU.
  2352 | D:2      | Identified the +1 helmet of Mirth {-Cast rN++ Str+5}
  2352 | D:2      | Noticed Robin
  2353 | D:2      | 2353 ||| Stepping ~*~*~tactically~*~*~ (hiding).
  2355 | D:2      | 2355 ||| Stepping ~*~*~tactically~*~*~ (hiding).
  2356 | D:2      | 2356 ||| Stepping ~*~*~tactically~*~*~ (stealth).
  2364 | D:2      | Gained mutation: Your magical nature lets you fly swiftly
                  | and evasively. [Tengu growth]
  2364 | D:2      | Reached XP level 5. HP: 23/30 MP: 9/9
  2374 | D:2      | Killed Robin
  2376 | D:2      | HP: 6/30 [goblin/+1 dagger of protection[Robin] (4)]
  2377 | D:2      | HP: 2/30 [hobgoblin[Robin] (4)]
  2762 | D:2      | 2762 ||| DRINKING 2 murky pink potions.
  2763 | D:2      | 2763 ||| READING 2 scrolls of identify.
  2763 | D:2      | 2763 ||| IDENTIFYING fizzy sapphire potion
  2764 | D:2      | 2764 ||| DROPPING potion of flight.
  2818 | D:3      | Reached skill level 6 in Axes
  3070 | D:3      | Found a shimmering altar of Xom.
  3306 | D:3      | Found a faded altar of an unknown god.
  3307 | D:3      | 3307 ||| Stepping ~*~*~tactically~*~*~ (hiding).
  3316 | D:3      | 3316 ||| Stepping ~*~*~tactically~*~*~ (stealth).
  3626 | D:3      | 3626 ||| READING 2 scrolls labelled IMMAOZX QURU.
  3630 | D:3      | 3630 ||| READING 2 scrolls of identify.
  3630 | D:3      | 3630 ||| IDENTIFYING fizzy pink potion
  3631 | D:3      | 3631 ||| DROPPING potion of magic.
  3704 | D:4      | Reached XP level 6. HP: 35/35 MP: 10/10
  3716 | D:4      | Found Zetuga's Antique Weapon Emporium.
  3742 | D:4      | 3742 ||| SHOPLISTING glowing flail (188 gold, have 147).
  3742 | D:4      | 3742 ||| SHOPLISTING glowing hand axe (174 gold, have 147).
  3811 | D:4      | 3811 ||| Stepping ~*~*~tactically~*~*~ (hiding).
  3968 | D:4      | 3968 ||| Stepping ~*~*~tactically~*~*~ (hiding).
  3980 | D:4      | 3980 ||| FLEEEEING.
  3981 | D:4      | 3981 ||| FLEEEEING.
  3982 | D:4      | 3982 ||| FLEEEEING.
  3983 | D:4      | 3983 ||| FLEEEEING.
  3984 | D:4      | 3984 ||| FLEEEEING.
  3985 | D:4      | 3985 ||| FLEEEEING.
  3987 | D:4      | 3987 ||| FLEEEEING.
  3988 | D:4      | 3988 ||| FLEEEEING.
  3989 | D:4      | 3989 ||| FLEEEEING.
  3990 | D:4      | 3990 ||| FLEEEEING.
  3992 | D:4      | 3992 ||| FLEEEEING.
  3993 | D:4      | 3993 ||| FLEEEEING.
  3994 | D:4      | 3994 ||| FLEEEEING.
  3995 | D:4      | 3995 ||| FLEEEEING.
  3997 | D:4      | 3997 ||| FLEEEEING.
  3998 | D:4      | 3998 ||| FLEEEEING.
  3999 | D:4      | 3999 ||| FLEEEEING.
  4000 | D:4      | 4000 ||| FLEEEEING.
  4001 | D:4      | 4001 ||| FLEEEEING.
  4002 | D:4      | 4002 ||| FLEEEEING.
  4003 | D:4      | 4003 ||| FLEEEEING.
  4004 | D:4      | 4004 ||| FLEEEEING.
  4005 | D:4      | 4005 ||| FLEEEEING.
  4014 | D:4      | 4014 ||| STAIRDANCE
  4166 | D:3      | 4166 ||| READING scroll labelled DYEG UBOUQE.
  4173 | D:4      | Reached skill level 7 in Axes
  4450 | D:4      | Found a staircase to the Ecumenical Temple.
  4452 | D:4      | 4452 ||| PLANNING TEMPLE
  4452 | D:4      | 4452 ||| DRINKING 2 dark potions.
  4452 | D:4      | Gained mutation: A frigid envelope surrounds you and
                  | freezes all who hurt you. [potion of mutation]
  4452 | D:4      | Gained mutation: You have a somewhat thin skeletal
                  | structure. (Dex +2, Stealth+) [potion of mutation]
  4452 | D:4      | Lost mutation: A frigid envelope surrounds you and freezes
                  | all who hurt you. [potion of mutation]
  4452 | D:4      | Gained mutation: You are partially covered in iridescent
                  | scales. (AC +2) [potion of mutation]
  4686 | D:4      | HP: 3/35 [orc/+1 whip of distortion (23)]
  4687 | D:4      | 4687 ||| READING 2 scrolls of teleportation.
  4687 | D:4      | Mangled by an orc

Levels and vault maps discovered:
D:1:      sevenhm_arrival_forest_fort_small_4, layout_basic, serial_shops,
          nicolae_shop_hallway_stairs
D:2:      layout_loops_corners, minmay_surrounded, uniq_crazy_yiuf_cottage,
          uniq_robin, uniq_terence
D:3:      layout_loops_ring, mainiacjoe_overflow_surrounded_room,
          ebering_ecumenical_altar_hall, minmay_ruptured
D:4:      layout_basic, minmay_temple_entry_from_below_a, serial_shops,
          nicolae_shop_advertising_works [nicolae_subvault_shop_adworks],
          serial_bayou_pond_a, columned_hall_lemuel, st_stairs_13,
          nicolae_underground_beach

Skill      XL: |  1  2  3  4  5  6 |
---------------+-------------------+-----
Axes           | 3 4 5 6 7 |  7.0
Armour         | 2 |  2.4
Fighting       | |  2.1
Throwing       | |  1.0
Dodging        | |  2.1
Spellcasting   | |  2.0
Translocations | |  2.4

Action                   |  1- 3 |  4- 6 || total
-------------------------+-------+-------++-------
Melee: Hand axe          |    42 |   220 ||   262
       Kick              |    13 |    51 ||    64
       Peck              |     4 |    24 ||    28
       Punch             |       |     1 ||     1
Throw: Boomerang         |     7 |    52 ||    59
  Use: Scroll            |     1 |     7 ||     8
       Potion            |       |     2 ||     2
Armor: Leather armour    |     4 |       ||     4
       Chain mail        |     1 |   148 ||   149
Dodge: Dodged            |    18 |    70 ||    88

Table legend:
 A = Non-vault XP
 B = Vault XP
 C = Vault XP percentage of total XP
 D = Non-vault monster count
 E = Vault monster count
 F = Vault count percentage of total count
                 A         B        C        D         E       F
            +---------+---------+-------+---------+---------+-------
      Total |     375 |     111 |  22.8 |      77 |      20 |  20.6
            +---------+---------+-------+---------+---------+-------
        D:1 |      28 |       0 |   0.0 |      17 |       0 |   0.0
        D:2 |      76 |      93 |  55.0 |      18 |      17 |  48.6
        D:3 |     102 |      16 |  13.6 |      27 |       2 |   6.9
        D:4 |     169 |       2 |   1.2 |      15 |       1 |   6.2
            +---------+---------+-------+---------+---------+-------
